 Dungeon Crawl Stone Soup version 0.28.0-43-g3370ac3207 (webtiles) character file.

Game seed: 156882552905263369

227 rlgrobin the Chopper (level 6, -6/51 HPs)
             Began as a Hill Orc Cinder Acolyte on Mar 4, 2022.
             Was an Elder of Ignis.
             Mangled by Pikel
             ... wielding a +2 whip of electrocution
              (19 damage)
             ... on level 4 of the Dungeon.
             The game lasted 00:04:03 (3374 turns).

rlgrobin the Chopper (Hill Orc Cinder Acolyte)      Turns: 3374, Time: 00:04:04

Health: -6/51      AC: 15    Str: 19    XL:     6   Next: 2%
Magic:  8/8        EV: 10    Int: 14    God:    Ignis [****..]
Gold:   153        SH:  0    Dex:  6    Spells: 6/8 levels left

rFire   + . .      SeeInvis .   a - -1 hand axe (flame)
rCold   . . .      Faith    .   (no shield)
rNeg    . . .      Spirit   .   g - +0 ring mail
rPois   .          Reflect  .   e - +0 helmet
rElec   .          Harm     .   l - +0 cloak
rCorr   .          Rampage  .   d - +0 pair of gloves
Will    .....                   (no boots)
Stlth   ..........              (no amulet)
HPRegen 0.17/turn               (no ring)
MPRegen 0.11/turn               (no ring)

@: fiery-armoured
A: no striking features
a: Renounce Religion, Fiery Armour, Foxfire Swarm, Rising Flame


You were on level 4 of the Dungeon.
You worshipped Ignis.
Ignis was greatly pleased with you.
You visited 1 branch of the dungeon, and saw 4 of its levels.

You collected 153 gold pieces.

Inventory:

Hand Weapons
 a - a -1 hand axe of flaming (weapon)
 b - a +0 hunting sling
Missiles
 i - 6 silver javelins (quivered)
 k - a boomerang
Armour
 d - a +0 pair of gloves (worn)
 e - a +0 helmet (worn)
 f - a +0 chain mail
 g - a +0 ring mail (worn)
 l - a +0 cloak (worn)
Scrolls
 c - 2 scrolls of teleportation {unknown}
 j - 2 scrolls of noise {unknown}
Potions
 h - a potion of curing {unknown}
 m - a potion of heal wounds {unknown}
 n - a potion of invisibility {unknown}
 o - a potion of haste {unknown}


   Skills:
 - Level 3.6 Fighting
 + Level 6.1 Axes
 + Level 2.1 Armour
 + Level 1.5 Dodging
 + Level 1.7 Spellcasting
 + Level 4.1 Fire Magic


You had 6 spell levels left.
You knew the following spells:

 Your Spells              Type           Power      Damage    Failure   Level
a - Scorch                Fire           24%        2d6       12%         2

Your spell library contained the following spells:

 Spells                   Type           Power      Damage    Failure   Level
 Animate Skeleton         Necr           2%         N/A       38%         1
 Apportation              Tloc           2%         N/A       38%         1
 Summon Small Mammal      Summ           4%         N/A       38%         1
 Corpse Rot               Necr/Air       2%         N/A       52%         2
 Poisonous Vapours        Pois/Air       2%         N/A       52%         2


Dungeon Overview and Level Annotations

Branches:
Dungeon (4/15)
 Temple: D:4-7

Altars:
Dithmenos
Trog

Annotations:
D:2 1 runed translucent door, Crazy Yiuf
D:4 Natasha, Pikel


Message History

Okay, then.
Okay, then.
Unknown command.
You hit Pikel but do no damage.
Pikel is moderately wounded.
Natasha casts a spell.
Pikel hits you with a +2 whip of electrocution.
* * * LOW HITPOINT WARNING * * *
Pikel is burned by your cloak of flames.
Pikel is heavily wounded.
You take 1 damage, and have 18/51 hp.
You barely miss Pikel.
Pikel is heavily wounded.
Pikel hits you but does no damage.
You hit Pikel but do no damage.
Pikel is moderately wounded.
Pikel hits you but does no damage.
Pikel is burned by your cloak of flames.
Pikel is heavily wounded.
You hit Pikel. You burn Pikel.
Pikel is heavily wounded.
Pikel hits you with a +2 whip of electrocution.
* * * LOW HITPOINT WARNING * * *
You take 6 damage, and have 13/51 hp.
You barely miss Pikel.
Pikel is heavily wounded.
Pikel says, "Hell isn't that bad."
Pikel hits you but does no damage.
Pikel is burned by your cloak of flames.
Pikel is severely wounded.
You barely miss Pikel.
Pikel is severely wounded.
Pikel hits you but does no damage.
Pikel is burned by your cloak of flames.
Pikel is severely wounded.
You hit Pikel but do no damage.
Pikel is severely wounded.
Pikel hits you but does no damage.
You are electrocuted!!
You die... #.#.# .#.# .#.# o5# hoB

#o# #K# #@#
####.# #....#
#.######)##.#
#
#...........#
.#..≈≈≈≈≈≈≈..#
.....≈≈≈≈≈≈.#
#.8...._≈≈.#
#...≈≈≈≈≈≈.#


You could see Pikel, Natasha, a white imp (summoned), 3 orcs and a giant
cockroach.

Vanquished Creatures
  An orc wizard (D:3)
  Natasha (D:4)
  3 gnolls (D:3)
  5 adders
  5 dart slugs
  10 orcs
  6 endoplasms
  7 giant cockroaches
  7 hobgoblins
  4 jackals
  2 quokkas (D:3)
  6 ball pythons
  7 bats
  4 frilled lizards
  8 goblins
  4 kobolds
  5 rats
85 creatures vanquished.

Vanquished Creatures (others)
  13 foxfires (D:3)
13 creatures vanquished.

Grand Total: 98 creatures vanquished

Notes
Turn   | Place    | Note
-------+----------+-------------------------------------------
     0 | D:1      | rlgrobin the Hill Orc Cinder Acolyte began the quest for
                  | the Orb.
     0 | D:1      | Reached XP level 1. HP: 19/19 MP: 2/2
   347 | D:1      | Reached XP level 2. HP: 21/26 MP: 3/3
   415 | D:1      | Learned a level 2 spell: Scorch
   447 | D:1      | Found a faded altar of an unknown god.
   649 | D:1      | Reached skill level 5 in Axes
   887 | D:1      | Reached XP level 3. HP: 28/31 MP: 4/4
  1733 | D:2      | Reached skill level 1 in Armour
  1823 | D:2      | Reached XP level 4. HP: 39/39 MP: 5/5
  1832 | D:2      | Found a runed translucent door.
  1833 | D:2      | Noticed Crazy Yiuf
  2218 | D:3      | Found a shadowy altar of Dithmenos.
  2318 | D:3      | Reached skill level 1 in Dodging
  2357 | D:3      | Reached XP level 5. HP: 28/45 MP: 7/7
  2814 | D:3      | Reached skill level 6 in Axes
  3136 | D:4      | Noticed Natasha
  3139 | D:4      | Killed Natasha
  3239 | D:4      | Found a bloodstained altar of Trog.
  3254 | D:4      | Reached XP level 6. HP: 37/51 MP: 1/8
  3356 | D:4      | Noticed Pikel
  3356 | D:4      | Noticed Natasha
  3374 | D:4      | Mangled by Pikel

Illustrated notes

Levels and vault maps discovered:
D:1:      eino_arrival_tree_alley, layout_loops_ring,
          hellmonk_ecumenical_altar_pennies_from_heaven,
          kennysheep_pointless_box
D:2:      layout_loops_ring, uniq_crazy_yiuf_cottage
D:3:      layout_rooms, grunt_dithmenos_smoke, kennysheep_generic_room_8
D:4:      layout_basic, mainiacjoe_overflow_catwalk, biasface_ghost_orc_armoury,
          uniq_pikel, uniq_natasha

Skill      XL: |  1  2  3  4  5 |
---------------+----------------+-----
Axes           | 5 6 |  6.1
Armour         | 1 2 |  2.1
Dodging        | 1 |  1.5
Fire Magic     | 4 |  4.1
Fighting       | |  3.6
Spellcasting   | |  1.7

Action                   |  1- 3 |  4- 6 || total
-------------------------+-------+-------++-------
Melee: Hand axe          |   137 |   111 ||   248
       Punch             |     1 |     1 ||     2
 Cast: Scorch            |       |     6 ||     6
Invok: Fiery Armour      |       |     2 ||     2
       Foxfire Swarm     |       |     1 ||     1
  Use: Potion            |       |     1 ||     1
Armor: Robe              |    13 |       ||    13
       Chain mail        |    20 |       ||    20
       Ring mail         |    34 |    54 ||    88
Dodge: Dodged            |    63 |    55 ||   118
